 Dungeon Crawl Stone Soup version 0.29-a0-297-g7659ce593d (webtiles) character file.

Game seed: 17950260959745907994

794 Dabor the Ruffian (level 7, -7/36 HPs)
             Began as a Vine Stalker Transmuter on Mar 21, 2022.
             Was an Initiate of Wu Jian.
             Killed from afar by Maggie (11 damage)
             ... with a bolt of fire
             ... on level 6 of the Dungeon.
             The game lasted 00:12:34 (5626 turns).

Dabor the Ruffian (Vine Stalker Transmuter)         Turns: 5626, Time: 00:12:34

Health: -7/36      AC:  9    Str: 15    XL:     7   Next: 89%
Magic:  0/13       EV: 12    Int: 13    God:    Wu Jian [......]
Gold:   219        SH:  0    Dex: 14    Spells: 10/13 levels left

rFire   + . .      SeeInvis .     - Unarmed
rCold   . . .      Faith    .   (no shield)
rNeg    . . .      Spirit   +   a - +0 robe
rPois   .          Reflect  .   (helmet currently unavailable)
rElec   .          Harm     .   q - +1 cloak
rCorr   .          Rampage  .   x - +0 pair of gloves
Will    .....                   (boots currently unavailable)
Stlth   ++........              o - amulet of magic regeneration
HPRegen 0.92/turn               l - ring of protection from fire
MPRegen 0.53/turn               t - +4 ring of protection

@: appendages, wereblooded (expiring), mesmerised
A: horns 2, talons 2, fangs 2, regeneration 1, magic shield, antimagic bite, no
potion heal 2
a: End Transformation, Renounce Religion


You were on level 6 of the Dungeon.
You worshipped Wu Jian.
Wu Jian was noncommittal.
You had temporarily grown beastly horns and talons.
You visited 2 branches of the dungeon, and saw 7 of its levels.

You collected 297 gold pieces.
You spent 78 gold pieces at shops.

Inventory:

Missiles
 g - 9 poisoned darts (quivered)
 v - 2 javelins
 y - 6 curare-tipped darts
Armour
 a - a +0 robe (worn)
 q - a +1 cloak (worn)
 s - a +0 helmet (melded)
 x - a +0 pair of gloves (worn)
Jewellery
 l - a ring of protection from fire (left hand)
 o - an amulet of magic regeneration (around neck)
 t - a +4 ring of protection (right hand)
Wands
 z - a wand of charming (11)
 C - a wand of iceblast (13)
Scrolls
 c - a scroll of identify
 e - 3 scrolls of fog
 j - a scroll of enchant weapon
 k - a scroll of amnesia
 m - a scroll of enchant armour
Potions
 b - a potion of lignification
 f - a potion of haste
 i - 2 potions of flight {unknown}
 n - 3 potions of curing
 p - a potion of resistance {unknown}
 r - 2 potions of brilliance {unknown}
 w - a potion of heal wounds {unknown}
 A - a potion of magic {unknown}


   Skills:
 * Level 3.3 Fighting
 + Level 1.5 Throwing
 + Level 1.8 Armour
 + Level 2.7 Dodging
 + Level 2.5 Stealth
 * Level 4.6 Unarmed Combat
 + Level 3.6 Spellcasting
 * Level 4.0 Transmutations


You had 10 spell levels left.
You knew the following spells:

 Your Spells              Type           Power      Damage    Failure   Level
a - Beastly Appendage     Tmut           24%        N/A       4%          1
b - Wereblood             Tmut           12%        N/A       6%          2

Your spell library contained the following spells:

 Spells                   Type           Power      Damage    Failure   Level
 Spider Form              Tmut/Pois      7%         N/A       28%         3
 Ice Form                 Ice/Tmut       7%         N/A       67%         4


Dungeon Overview and Level Annotations

Branches:
Dungeon (6/15)             Temple (1/1) D:4

Altars:
Ashenzari
Cheibriados
Dithmenos
Fedhas
Hepliaklqana
Makhleb
Nemelex Xobeh
Qazlal
Ru
Sif Muna
Vehumet
Wu Jian
Yredelemnul
Zin
The Shining One

Shops:
D:2 *

Annotations:
D:6 Maggie


Innate Abilities, Weirdness & Mutations

You have temporarily grown beastly horns and talons.
You have extremely sharp teeth.
Your natural rate of healing is unusually fast.
When hurt, damage is shared between your health and your magic reserves.
Your bite disrupts and absorbs the magic of your enemies.
Potions cannot restore your health.


Message History

You hit Maggie. Your kick misses Maggie.
Maggie is heavily wounded.
Maggie misses you.
You barely miss Maggie. You claw Maggie, but do no damage.
Your bite misses Maggie.
Maggie is heavily wounded.
Maggie barely misses you.
You hit Maggie. Your bite misses Maggie.
Maggie is heavily wounded.
Maggie mumbles some strange words.
Maggie draws you further into her thrall.
You closely miss Maggie. Your bite misses Maggie.
Maggie is heavily wounded.
Maggie mumbles some strange words.
Maggie draws you further into her thrall.
You barely miss Maggie. Your kick misses Maggie.
You headbutt Maggie, but do no damage.
Maggie is heavily wounded.
Your primal bloodlust is almost over.
Maggie barely misses you.
You closely miss Maggie. You claw Maggie.
Maggie is severely wounded.
Maggie hits you with a +2 broad axe of flaming!
Maggie burns you.
* * * LOW HITPOINT WARNING * * *
You hit Maggie. Your kick misses Maggie. You headbutt Maggie.
Maggie is severely wounded.
You hit Maggie but do no damage. Your kick misses Maggie.
Your bite misses Maggie.
Maggie is severely wounded.
Maggie hits you with a +2 broad axe of flaming!
* * * LOW HITPOINT WARNING * * *
Maggie burns you.
* * * LOW HITPOINT WARNING * * *
You closely miss Maggie. You claw Maggie, but do no damage.
Your bite misses Maggie.
Maggie is severely wounded.
Maggie points at you and mumbles some strange words.
The bolt of fire hits you! You resist.
You die...

#...... #...!.# #..=..#
#.....# #.....#######
#...........#####+##
###...@†.............#
.......@........<....#
........................
........................
...###+#####'######+#...
.. ........# .. .
........# . ..##....#
#....# .....#


You could see Maggie (mesmerising).

Vanquished Creatures
  A black bear (D:4)
  A centaur (D:5)
  A phantom (D:5)
  A scorpion (D:5)
  3 orc priests
  4 orc wizards
  4 iguanas (D:5)
  4 gnolls
  6 adders
  A white imp (D:5)
  A worm (D:3)
  2 dart slugs (D:3)
  9 orcs
  8 endoplasms
  6 giant cockroaches
  8 goblins
  6 hobgoblins
  15 jackals
  6 kobolds
  3 quokkas
  5 ball pythons
  A bat (D:1)
  2 frilled lizards (D:2)
  14 rats
112 creatures vanquished.

Notes
Turn   | Place    | Note
-------+----------+-------------------------------------------
     0 | D:1      | Dabor the Vine Stalker Transmuter began the quest for the
                  | Orb.
     0 | D:1      | Reached XP level 1. HP: 9/9 MP: 4/4
   238 | D:1      | Reached skill level 1 in Fighting
   429 | D:1      | Reached XP level 2. HP: 14/14 MP: 6/6
  1274 | D:1      | Reached XP level 3. HP: 15/18 MP: 7/7
  2634 | D:2      | Gained mutation: Your natural rate of healing is unusually
                  | fast. [Vine Stalker growth]
  2634 | D:2      | Reached XP level 4. HP: 20/22 MP: 8/8
  2673 | D:2      | Found Nutwoeb's Assorted Antiques.
  2680 | D:2      | Bought a scroll labelled NAEJ BEBAUMM for 21 gold pieces
  2680 | D:2      | Bought a scroll labelled NAEJ BEBAUMM for 21 gold pieces
  2680 | D:2      | Bought a ruby potion for 18 gold pieces
  2680 | D:2      | Bought a puce potion for 18 gold pieces
  2967 | D:3      | Learned a level 2 spell: Wereblood
  3150 | D:3      | Reached XP level 5. HP: 26/26 MP: 10/10
  3402 | D:3      | Reached skill level 1 in Stealth
  3641 | D:4      | Found a sparkling altar of Nemelex Xobeh.
  3641 | D:4      | Found a broken altar of Ashenzari.
  3654 | D:4      | Reached skill level 1 in Armour
  3716 | D:4      | Reached XP level 6. HP: 24/30 MP: 7/11
  3756 | D:4      | Noticed a black bear
  3772 | D:4      | Killed a black bear
  4116 | D:4      | Found a staircase to the Ecumenical Temple.
  4150 | Temple   | Entered the Ecumenical Temple
  4464 | Temple   | Became a worshipper of the Wu Jian Council
  4775 | D:5      | Entered Level 5 of the Dungeon
  4811 | D:5      | Reached skill level 1 in Throwing
  4811 | D:5      | Reached XP level 7. HP: 34/35 MP: 10/13
  5593 | D:6      | Noticed Maggie
  5626 | D:6      | Killed from afar by Maggie

Illustrated notes

Levels and vault maps discovered:
D:1:      nicolae_arrival_somewhat_less_tricky_arrival, layout_basic
D:2:      minmay_chambers_of_ones, layout_loops_corners, serial_shops, shop,
          minivault_5
D:3:      layout_loops_cross, st_stairs_9
D:4:      layout_basic, grunt_temple_overflow_open,
          minmay_temple_entry_stoned_glass
D:5:      layout_gridville, chequers_serial_rivers_micro_b
D:6:      layout_gridville, nicolae_gozag_seed_capital, ebering_ghost_sewer_d,
          nicolae_elevator_lobby_plus, uniq_maggie
Temple:   oiseaux_autumnal_temple

Skill      XL: |  1  2  3  4  5  6  7 |
---------------+----------------------+-----
Fighting       | 1 2 3 |  3.3
Dodging        | 2 |  2.7
Stealth        | 1 2 |  2.5
Armour         | 1 |  1.8
Spellcasting   | 3 |  3.6
Transmutations | 3 4 |  4.0
Unarmed Combat | 4 |  4.6
Throwing       | 1 |  1.5

Action                   |  1- 3 |  4- 6 |  7- 9 || total
-------------------------+-------+-------+-------++-------
Melee: Unarmed           |   130 |   156 |    97 ||   383
       Bite              |    28 |    34 |    25 ||    87
       Kick              |    17 |    17 |    16 ||    50
       Punch             |     2 |     4 |       ||     6
       Headbutt          |     3 |    21 |     9 ||    33
Throw: Dart              |     2 |       |       ||     2
 Cast: Beastly Appendage |    13 |    15 |    12 ||    40
       Wereblood         |       |     6 |     7 ||    13
Invok: Lunge             |       |       |     2 ||     2
  Use: Scroll            |     7 |     2 |     1 ||    10
       Potion            |       |     3 |       ||     3
 Stab: Sleeping          |     2 |     3 |     1 ||     6
Armor: Robe              |    15 |    47 |    37 ||    99
Dodge: Dodged            |    85 |    88 |    60 ||   233

Table legend: (Time is in decaauts)
 A = Elapsed time spent in this place.
 B = Non-inter-level travel time spent in this place.
 C = Inter-level travel time spent in this place.
 D = Time resting spent in this place.
 E = Time spent auto-exploring this place.
 F = Levels seen in this place.
 G = Mean time per level.
                   A        B        C        D        E       F      G
               +--------+--------+--------+--------+--------+-----+--------+
         Total |   5582 |   5342 |    240 |    151 |   4085 |   7 |  797.4 |
       Dungeon |   5229 |   5014 |    215 |    151 |   3818 |   6 |  871.5 |
        Temple |    352 |    327 |     25 |      0 |    267 |   1 |  352.0 |
               +--------+--------+--------+--------+--------+-----+--------+

Top non-repeatable levels by time:
     D:1: 1539 daAuts
     D:2: 1379 daAuts
     D:5: 802 daAuts
     D:4: 755 daAuts
     D:3: 712 daAuts
  Temple: 352 daAuts
     D:6: 39 daAuts
